Map: Blackburn LE

Players

TerraN

  • Race: Terran Terran

Kelazhur - Winner!

  • Race: Terran Terran

Event: DreamHack SC2 Masters 2021 Fall

VOD

Have the link to the VOD?

Description

Time

  • Played on: July 29, 2021, 4:27 p.m.
  • Length: 10:46
Show
View Real Time Build Order
Export as new Build Order

TerraN Terran 

Build Orders: Cyclone Opening 

Get SALT Encoding   

  12  0:00  SCV  
  13  0:12  SCV  
  14  0:17  Supply Depot  
  14  0:24  SCV  
  15  0:38  SCV  
  15  0:39  Barracks  
  16  0:43  Refinery  
  16  0:50  SCV  
  16  0:53  Refinery  
  17  1:03  SCV  
  18  1:15  SCV  
  19  1:27  Orbital Command  
  19  1:28  Reaper  
  19  1:30  Supply Depot  
  20  1:46  Factory  
  20  1:52  SCV  
  21  2:00  Reaper  
  22  2:05  SCV  
  23  2:17  SCV  
  24  2:28  Command Center  
  24  2:29  SCV  
  25  2:32  Factory Tech Lab  
  25  2:34  Barracks Reactor  
  25  2:41  SCV  
  26  2:51  Cyclone  
  26  2:55  SCV  
  26  2:57  Supply Depot  
  29  3:07  SCV  
  29  3:11  Starport  
  29  3:12  Marine  
  31  3:18  Marine  
  31  3:19  SCV  
  33  3:23  Siege Tank  
  36  3:31  SCV  
  37  3:36  Supply Depot  
  36  3:43  Marine  
  32  3:52  SCV  
  32  3:54  Marine  
  32  3:56  Starport Tech Lab  
  32  4:01  Marine  
  32  4:12  Marine  
  32  4:15  SCV  
  32  4:16  Refinery, Siege Tank  
  37  4:17  Raven  
  39  4:28  Marine  
  39  4:30  Orbital Command, Marine  
  38  4:31  SCV  
  30  4:48  SCV  
  31  4:55  Cyclone  
  31  4:56  SCV  
  35  5:00  SCV  
  35  5:05  Viking  
  38  5:09  SCV  
  38  5:12  SCV, Marine x2  
  42  5:21  SCV  
  43  5:24  SCV  
  44  5:33  SCV  
  45  5:36  SCV, Command Center  
  45  5:38  Raven  
  48  5:45  SCV  
  48  5:46  Marine x2  
  48  5:48  SCV  
  52  5:57  SCV  
  52  5:58  Supply Depot  
  52  6:00  SCV, Siege Tank  
  57  6:06  Marine x2  
  57  6:09  SCV  
  60  6:12  SCV  
  60  6:16  Supply Depot  
  61  6:21  SCV  
  59  6:26  SCV  
  59  6:27  Raven, Marine  
  59  6:28  Marine  
  59  6:30  Refinery  
  64  6:33  SCV  
  64  6:38  SCV  
  66  6:40  Supply Depot  
  66  6:45  SCV  
  67  6:48  Barracks  
  67  6:50  Barracks, Marine  
  67  6:51  Marine  
  67  6:53  SCV  
  70  6:56  Orbital Command  
  70  7:03  SCV  
  70  7:05  SCV  
  72  7:08  Supply Depot  
  72  7:15  SCV  
  73  7:17  SCV  
  73  7:18  Engineering Bay  
  73  7:21  Siege Tank  
  73  7:22  Engineering Bay  
  77  7:25  SCV  
  78  7:35  Stimpack  
  78  7:36  Barracks Reactor  
  76  7:39  Barracks Reactor  
  76  7:40  SCV  
  77  7:46  SCV  
  77  7:50  Marine  
  77  7:51  Viking x2  
  79  7:54  Siege Tank  
  79  7:55  SCV  
  77  8:03  SCV  
  76  8:06  SCV  
  76  8:08  Marine  
  76  8:10  SCV  
  79  8:13  Refinery, Marine x2  
  79  8:15  Marine  
  82  8:21  Viking  
  84  8:29  Marine x2  
  84  8:30  Siege Tank  
  84  8:33  SCV x2  
  91  8:34  Terran Infantry Armor Level 1  
  91  8:42  Orbital Command  
  91  8:45  SCV  
  92  8:52  Viking x2  
  92  8:55  SCV  
  90  8:56  Marine x5  
  90  8:57  SCV  
  96  9:07  SCV x2  
  96  9:09  Supply Depot  
  98  9:10  Siege Tank, Supply Depot  
  98  9:13  Barracks  
  98  9:14  Barracks, Combat Shield, Marine  
  98  9:15  Marine x3  
  105  9:17  Marine  
  106  9:24  Liberator  
  109  9:32  SCV, Supply Depot, Marine  
  109  9:33  SCV x2  
  109  9:36  Marine x2  
  115  9:39  Marine  
  115  9:45  SCV  
  116  9:46  Medivac, Siege Tank  
  116  9:50  Marine x2  
  116  9:52  SCV x2  
  125  9:56  Armory  
  125  9:59  Marine x2  
  127  10:03  Barracks Reactor  
  127  10:09  Viking  
  127  10:11  Marine x2  
  121  10:22  Marine x2  
  121  10:24  Marine x2  
Show
View Real Time Build Order
Export as new Build Order

Kelazhur Terran - Winner!

Build Orders:  

Get SALT Encoding   

  12  0:00  SCV  
  13  0:12  SCV  
  14  0:17  Supply Depot  
  14  0:24  SCV  
  15  0:39  SCV, Barracks  
  16  0:44  Refinery  
  16  0:51  SCV  
  17  0:59  Barracks  
  17  1:03  SCV  
  18  1:11  Refinery  
  18  1:15  SCV  
  19  1:27  Reaper  
  19  1:30  Orbital Command  
  20  1:43  Supply Depot  
  20  1:46  Reaper  
  21  1:55  SCV  
  21  1:59  Reaper  
  23  2:08  SCV  
  24  2:09  Factory  
  24  2:18  Reaper  
  24  2:20  SCV  
  26  2:31  Reaper  
  26  2:32  SCV  
  29  2:44  SCV  
  29  2:46  Command Center  
  29  2:52  Hellion  
  31  3:04  Supply Depot  
  31  3:06  SCV, Reaper  
  31  3:07  Reaper  
  34  3:14  Hellion  
  36  3:20  Starport  
  36  3:24  SCV  
  37  3:36  SCV, Factory Tech Lab  
  34  3:54  Cyclone  
  34  3:55  SCV  
  37  3:58  Refinery, Marine x2  
  39  4:10  Orbital Command  
  39  4:11  SCV  
  40  4:17  Starport Tech Lab  
  40  4:23  SCV  
  41  4:30  Barracks Tech Lab  
  41  4:31  Barracks Reactor  
  41  4:40  Cyclone  
  42  4:48  SCV  
  42  4:49  SCV  
  42  4:51  Raven, Marine  
  45  4:57  Supply Depot  
  45  5:00  SCV, Stimpack  
  45  5:03  SCV  
  47  5:07  Supply Depot  
  47  5:08  Marine x2  
  47  5:12  SCV  
  50  5:15  SCV, Siege Tank  
  50  5:20  Supply Depot, Marine  
  55  5:24  SCV  
  55  5:25  Marine  
  55  5:26  Marine  
  55  5:27  SCV  
  59  5:38  Marine  
  59  5:39  SCV x2  
  59  5:40  Raven  
  64  5:43  Marine  
  64  5:44  Command Center  
  65  5:51  SCV  
  65  5:54  Marine  
  65  5:55  Marine  
  66  5:58  Siege Tank  
  66  5:59  SCV  
  66  6:00  Supply Depot  
  66  6:03  SCV  
  66  6:04  Refinery  
  71  6:05  Marine  
  71  6:11  SCV  
  73  6:12  Marine  
  73  6:15  SCV  
  75  6:22  Marine  
  75  6:23  SCV  
  77  6:27  SCV  
  77  6:31  Barracks  
  78  6:33  Siege Tank  
  78  6:37  Engineering Bay  
  78  6:38  Engineering Bay  
  78  6:39  Medivac x2  
  85  6:40  SCV  
  85  6:41  SCV  
  85  6:44  Barracks Reactor  
  87  6:50  Supply Depot  
  87  6:52  SCV  
  87  6:53  SCV  
  87  6:54  Marine  
  89  6:56  Orbital Command  
  89  6:58  Combat Shield  
  90  7:04  SCV  
  90  7:06  SCV  
  90  7:07  Siege Tank  
  95  7:08  Terran Infantry Armor Level 1  
  95  7:13  Marine  
  96  7:18  Barracks x2  
  96  7:23  Viking  
  96  7:24  Barracks Reactor, Marine x2  
  96  7:26  SCV  
  101  7:39  Viking  
  101  7:41  Orbital Command  
  101  7:42  Siege Tank, Marine  
  107  7:45  SCV  
  104  7:51  Marine x2  
  104  7:57  SCV, Barracks  
  107  7:58  SCV  
  107  7:59  Barracks  
  93  8:09  SCV, Marine x2  
  93  8:10  SCV, Viking  
  93  8:11  SCV, Marine x2  
  93  8:12  Marine  
  103  8:21  Barracks, Siege Tank  
  103  8:25  SCV  
  107  8:27  Barracks Reactor x2, Marine  
  107  8:28  SCV  
  107  8:32  Marine x3  
  108  8:37  SCV  
  108  8:38  Marine  
  109  8:42  SCV  
  109  8:44  SCV  
  111  8:52  Marine x3  
  111  8:53  Marine  
  115  8:56  Marine  
  115  8:57  Refinery, Armory  
  115  8:58  Refinery  
  115  9:01  Supply Depot  
  116  9:08  Marine  
  117  9:10  Barracks Reactor x2  
  117  9:15  Sensor Tower  
  117  9:22  Marine x4  
  117  9:23  SCV, Siege Tank  
  125  9:29  Supply Depot  
  125  9:30  Supply Depot  
  125  9:31  Supply Depot x2  
  125  9:33  Sensor Tower  
  125  9:40  SCV x3  
  125  9:41  Supply Depot  
  125  9:50  Medivac x2, Marine x4  
  125  9:51  Marine  
  125  9:52  SCV  
  135  10:07  Command Center  
  135  10:10  Marine  
  135  10:11  Marine x6  
  122  10:28  Marine  

Tags
 
Add a new tag
Caveats
  • Supply blocks, unpowered buildings, or Contaminate may cause inaccurate times.
  • Supply counts are checked every 10 seconds.